 Dungeon Crawl Stone Soup version 0.31.0-7-gf635a9b802 (webtiles) character file.

Game seed: 10053137042441289495

541 JustSomeDude the Ducker (level 7, -1/60 HPs)
             Began as a Gnoll Monk on Jan 24, 2024.
             Slain by a kobold
             ... wielding a +0 short sword
              (4 damage)
             ... on level 7 of the Dungeon.
             The game lasted 00:12:07 (3268 turns).

JustSomeDude the Ducker (Gnoll Monk)                Turns: 3268, Time: 00:12:07

Health: -1/60      AC:  6    Str: 13    XL:     7   Next: 26%
Magic:  10/10      EV: 13    Int:  9    God:
Gold:   132        SH:  0    Dex: 14    Spells: 11/11 levels left

rFire   + . .        a - +0 spear
rCold   + . .        d - orb {light}
rNeg    . . .        z - +0 ring mail
rPois   +            (no helmet)
rElec   +            (no cloak)
rCorr   +            e - +0 pair of gloves
SInv    .            (no boots)
Will    .....        (no amulet)
Stlth   +            (no ring)
HPRegen 0.30/turn    (no ring)
MPRegen 0.12/turn

%: no passive effects
@: resistant, attractive, slowed, glowing, very slow
A: fangs 1, strong nose, distributed training
a: no special abilities


You were on level 7 of the Dungeon.
You visited 1 branch of the dungeon, and saw 6 of its levels.

You collected 132 gold pieces.

Inventory:

Hand Weapons
 a - a +0 spear (weapon)
 g - a +0 short sword
Missiles
 u - a throwing net (quivered)
Armour
 b - a +0 robe
 d - an orb of light (worn)
 e - a +0 pair of gloves (worn)
 o - a +0 leather armour
 t - an orb of guile
 z - a +0 ring mail (worn)
Jewellery
 r - a ring of fire
Wands
 v - a wand of paralysis (10)
 x - a wand of roots (6)
Scrolls
 i - 2 scrolls of amnesia {unknown}
 j - 2 scrolls of enchant armour {unknown}
 m - a scroll of vulnerability {unknown}
 q - 2 scrolls of revelation {unknown}
 y - a scroll of blinking {unknown}
 A - a scroll of teleportation {unknown}
Potions
 c - a potion of mutation {unknown}
 h - a potion of enlightenment
 k - a potion of brilliance


   Skills:
 + Level 7.0 Fighting
 + Level 2.5 Short Blades
 + Level 2.5 Long Blades
 + Level 2.5 Axes
 + Level 2.5 Maces & Flails
 + Level 7.0 Polearms
 + Level 2.5 Staves
 + Level 2.5 Ranged Weapons
 + Level 2.5 Throwing
 + Level 2.5 Armour
 + Level 7.0 Dodging
 + Level 2.5 Stealth
 + Level 2.5 Shields
 + Level 2.5 Unarmed Combat
 + Level 2.5 Spellcasting
 + Level 2.0 Conjurations
 + Level 2.0 Hexes
 + Level 2.0 Summonings
 + Level 2.0 Necromancy
 + Level 2.0 Translocations
 + Level 2.0 Fire Magic
 + Level 2.0 Ice Magic
 + Level 2.0 Air Magic
 + Level 2.0 Earth Magic
 + Level 2.0 Alchemy
 + Level 2.7 Invocations
 + Level 2.5 Evocations
 + Level 2.2 Shapeshifting


You had 11 spell levels left.
You didn't know any spells.
Your spell library was empty.

Dungeon Overview and Level Annotations

Branches:
Dungeon (7/15)             Temple (0/1) D:4

Altars:
Gozag


Innate Abilities, Weirdness & Mutations

You have very sharp teeth.
Your uncanny sense of smell can sniff out nearby items.
Your experience applies equally to all skills.


Message History

The kobold brigand hits you with a +0 dagger.
The kobold hits you but does no damage.
You hit the kobold brigand but do no damage.
The kobold brigand is almost dead.
The kobold brigand hits you with a +0 dagger.
* * * LOW HITPOINT WARNING * * *
The kobold hits you but does no damage.
You hit the kobold brigand.
The kobold brigand is almost dead.
The kobold brigand misses you.
The kobold hits you with a +0 short sword.
* * * LOW HITPOINT WARNING * * *
You hit the kobold brigand but do no damage.
You bite the kobold brigand, but do no damage.
The kobold brigand is almost dead.
The kobold brigand misses you.
The kobold hits you with a +0 short sword.
* * * LOW HITPOINT WARNING * * *
It was a potion of attraction.
You feel attractive to monsters.
The kobold brigand completely misses you.
The kobold hits you but does no damage.
The kobold brigand hits you with a +0 dagger.
* * * LOW HITPOINT WARNING * * *
The kobold hits you but does no damage.
It was a potion of magic.
Magic courses through your body. The kobold brigand misses you.
The kobold hits you with a +0 short sword.
* * * LOW HITPOINT WARNING * * *
You hit the kobold brigand.
The kobold brigand is almost dead.
The kobold brigand closely misses you. The kobold misses you.
You closely miss the kobold brigand.
The kobold brigand is almost dead.
The kobold brigand hits you with a +0 dagger.
* * * LOW HITPOINT WARNING * * *
The kobold closely misses you. The kobold brigand barely misses you.
You feel protected.
The kobold hits you with a +0 short sword.
You die...

....####... .......#######
........... .............#
.......... .............#
........#######....).....#
........#.....#####......#
........#.....#...#...$..#
........#.... #...)......#
.......)###'#####K#......#
................@K..######
....................#
.........)).........#
...........)........#
.......)..).........#
........#'####+######
........#...
........#.....
.....[..##.#### ##########


You could see a kobold brigand and a kobold.

Vanquished Creatures
  An ogre (D:6)
  A scorpion (D:6)
  A bombardier beetle (D:4)
  An orc priest (D:4)
  Natasha (twice) (D:4)
  An orc wizard (D:4)
  An adder (D:3)
  A white imp (D:7)
  A dart slug (D:3)
  2 ribbon worms
  12 orcs
  5 ball pythons
  2 endoplasms
  10 goblins
  5 hobgoblins
  6 jackals
  6 kobolds
  3 quokkas
  10 bats
  A frilled lizard (D:1)
  4 rats
76 creatures vanquished.

Vanquished Creatures (collateral kills)
  An orc warrior (D:7)
  A jelly (D:7)
  An orc wizard (D:7)
  3 orcs (D:7)
  A kobold (D:7)
7 creatures vanquished.

Grand Total: 83 creatures vanquished

Notes
Turn   | Place    | Note
-------+----------+-------------------------------------------
     0 | D:1      | JustSomeDude the Gnoll Monk began the quest for the Orb.
     0 | D:1      | Reached XP level 1. HP: 23/23 MP: 1/1
   119 | D:1      | Reached XP level 2. HP: 27/29 MP: 2/2
   460 | D:1      | Reached XP level 3. HP: 35/35 MP: 3/3
   871 | D:2      | Reached skill level 1 in Invocations
  1287 | D:2      | Reached skill level 1 in Short Blades
  1287 | D:2      | Reached skill level 1 in Long Blades
  1287 | D:2      | Reached skill level 1 in Axes
  1287 | D:2      | Reached skill level 1 in Maces & Flails
  1287 | D:2      | Reached skill level 1 in Staves
  1287 | D:2      | Reached skill level 1 in Ranged Weapons
  1287 | D:2      | Reached skill level 1 in Throwing
  1287 | D:2      | Reached skill level 1 in Armour
  1287 | D:2      | Reached skill level 1 in Stealth
  1287 | D:2      | Reached skill level 1 in Shields
  1287 | D:2      | Reached skill level 1 in Unarmed Combat
  1287 | D:2      | Reached skill level 1 in Spellcasting
  1287 | D:2      | Reached skill level 1 in Evocations
  1372 | D:3      | Found an opulent altar of Gozag.
  1462 | D:3      | Reached skill level 1 in Shapeshifting
  1462 | D:3      | Reached XP level 4. HP: 31/41 MP: 5/5
  1922 | D:4      | Noticed Natasha
  1937 | D:4      | Killed Natasha
  1938 | D:4      | Reached skill level 1 in Conjurations
  1938 | D:4      | Reached skill level 1 in Hexes
  1938 | D:4      | Reached skill level 1 in Summonings
  1938 | D:4      | Reached skill level 1 in Necromancy
  1938 | D:4      | Reached skill level 1 in Translocations
  1938 | D:4      | Reached skill level 1 in Fire Magic
  1938 | D:4      | Reached skill level 1 in Ice Magic
  1938 | D:4      | Reached skill level 1 in Air Magic
  1938 | D:4      | Reached skill level 1 in Earth Magic
  1938 | D:4      | Reached skill level 1 in Alchemy
  2035 | D:4      | Reached XP level 5. HP: 43/47 MP: 5/7
  2435 | D:4      | HP: 1/47 [burnt (3)]
  2450 | D:4      | HP: 2/47 [burnt (5)]
  2657 | D:4      | Found a staircase to the Ecumenical Temple.
  2657 | D:4      | Noticed Natasha
  2686 | D:4      | Killed Natasha
  2687 | D:4      | Reached XP level 6. HP: 11/53 MP: 8/8
  2690 | D:4      | You fall into a shaft and drop 3 floors!
  2900 | D:6      | Noticed an ice beast
  2903 | D:6      | Noticed an orc warrior
  3018 | D:7      | HP: 1/53 [acid (11)]
  3103 | D:7      | Noticed an orc warrior
  3113 | D:7      | Reached XP level 7. HP: 21/60 MP: 10/10
  3267 | D:7      | HP: 3/60 [kobold brigand/+0 dagger (2)]
  3268 | D:7      | Slain by a kobold

Illustrated notes

Levels and vault maps discovered:
D:1:      dpeg_arrival_radiant, layout_loops_ring, hangedman_decor_lopped
D:2:      layout_basic
D:3:      wander_river, layout_loops_cross, mainiacjoe_overflow_catwalk,
          skrybe_limestone_x
D:4:      layout_basic, minmay_temple_entry_slanted, uniq_natasha
D:6:      cheibrodos_fertilizer, layout_loops_ring,
          nicolae_overflow_quartered_altars, serial_glass, glass_columns_a,
          glass_columns_b, portal_sewer_entry_d, wad_floor_pattern_1,
          uniq_sigmund
D:7:      layout_gridville, serial_shops, shop, shop

Skill      XL: |  1  2  3  4  5  6  7 |
---------------+----------------------+-----
Invocations    | 1 2 |  2.7
Short Blades   | 1 2 |  2.5
Long Blades    | 1 2 |  2.5
Axes           | 1 2 |  2.5
Maces & Flails | 1 2 |  2.5
Staves         | 1 2 |  2.5
Ranged Weapons | 1 2 |  2.5
Throwing       | 1 2 |  2.5
Armour         | 1 2 |  2.5
Stealth        | 1 2 |  2.5
Shields        | 1 2 |  2.5
Unarmed Combat | 1 2 |  2.5
Spellcasting   | 1 2 |  2.5
Evocations     | 1 2 |  2.5
Shapeshifting  | 1 2 |  2.2
Conjurations   | 1 2 |  2.0
Hexes          | 1 2 |  2.0
Summonings     | 1 2 |  2.0
Necromancy     | 1 2 |  2.0
Translocations | 1 2 |  2.0
Fire Magic     | 1 2 |  2.0
Ice Magic      | 1 2 |  2.0
Air Magic      | 1 2 |  2.0
Earth Magic    | 1 2 |  2.0
Alchemy        | 1 2 |  2.0
Fighting       | 7 |  7.0
Polearms       | 7 |  7.0
Dodging        | 7 |  7.0

Action                     |  1- 3 |  4- 6 |  7- 9 || total
---------------------------+-------+-------+-------++-------
  Melee: Spear             |   127 |   175 |    25 ||   327
         Bite              |    13 |    26 |     3 ||    42
  Evoke: Wand              |       |     2 |       ||     2
    Use: Potion            |       |     5 |     5 ||    10
         Scroll            |       |     2 |       ||     2
 Armour: Robe              |    11 |       |       ||    11
         Leather armour    |    21 |    14 |       ||    35
         Ring mail         |       |    48 |    23 ||    71
  Dodge: Dodged            |    54 |    67 |    24 ||   145
